 Dungeon Crawl Stone Soup version 0.23.2-40-g277498a001 (webtiles) character file.

Game seed: 11775895287267760322

109 Kukuleta the Poker (level 4, 0/35 HPs)
             Began as a Merfolk Fighter on Sept 19, 2019.
             Succumbed to a kobold's poison
             ... on level 3 of the Dungeon.
             The game lasted 00:06:41 (1419 turns).

Kukuleta the Poker (Merfolk Fighter)                Turns: 1419, Time: 00:06:42

Health: 0/35       AC:  6    Str: 16    XL:     4   Next: 89%
Magic:  4/4        EV: 11    Int:  7    God:
Gold:   171        SH:  9    Dex: 19    Spells: 3/3 levels left

rFire    . . .     SeeInvis .   a - +0 trident
rCold    . . .     Gourm    .   c - +0 shield
rNeg     . . .     Faith    .   b - +0 scale mail
rPois    .         Spirit   .   (no helmet)
rElec    .         Reflect  .   (no cloak)
rCorr    .         Harm     .   (no gloves)
MR       .....                  (no boots)
Stlth    +.........             (no amulet)
HPRegen  0.11/turn              (no ring)
MPRegen  0.09/turn              (no ring)

@: agile, lethally poisoned (0 -> -11)
A: change form in water, swift swim, stealthy swim
a: no special abilities


You were on level 3 of the Dungeon.
You were not hungry.

You visited 1 branch of the dungeon, and saw 3 of its levels.

You collected 171 gold pieces.

Inventory:

Hand Weapons
 a - a +0 trident (weapon)
Armour
 b - a +0 scale mail (worn)
 c - a +0 shield (worn)
 l - a +0 chain mail
Scrolls
 e - 2 scrolls of fog {unknown}
 g - 2 scrolls of identify {unknown}
 h - 2 scrolls of immolation {unknown}
 k - a scroll of blinking {unknown}
 m - a scroll of amnesia {unknown}
 p - a scroll of remove curse {unknown}
Potions
 d - a potion of might
 j - a potion of curing {unknown}
 n - a potion of resistance
 o - a potion of lignification {unknown}
Comestibles
 f - 2 rations


   Skills:
 - Level 3.2 Fighting
 * Level 7.1 Polearms
 - Level 2.1 Armour
 - Level 3.0 Shields


You had 3 spell levels left.
You didn't know any spells.
Your spell library was empty.

Dungeon Overview and Level Annotations

Branches:
Dungeon (3/15)

Altars:


Message History

The kobold shouts!
Found a scroll labeled YTSONEETAESS.
A bat and an orc come into view.
* * * LOW HITPOINT WARNING * * *
You feel sick.
The orc shouts!
* * * LOW HITPOINT WARNING * * *
You feel sick. You block the bat's attack.
* * * LOW HITPOINT WARNING * * *
You feel sick. You block the bat's attack.
* * * LOW HITPOINT WARNING * * *
You feel sick. The bat hits you but does no damage.
* * * LOW HITPOINT WARNING * * *
You feel sick. You block the bat's attack.
* * * LOW HITPOINT WARNING * * *
You feel sick. The bat hits you but does no damage.
There is a stone staircase leading up here.
It was a potion of agility.
You feel agile all of a sudden.
You die...

#?.....# #......#
#......############
.#........((..K...o# . .
....K..o##########o###o..
..............o.(.(..(K.o..
...........#####(###.###o..
.......>b....o......# #
........@..#.#...#..#
..#.##.#####.###.#..# #
#(.<.......# #.....
############ ####.# ..


You could see an orc priest, an orc, a bat and a kobold.

Vanquished Creatures
  Natasha (twice) (D:2)
  2 adders (D:2)
  A worm (D:2)
  A dart slug (D:1)
  3 leopard geckos
  4 giant cockroaches
  5 goblins
  5 hobgoblins
  5 kobolds
  5 bats
  A frilled lizard (D:1)
  5 rats
39 creatures vanquished.

Notes
Turn   | Place    | Note
-------+----------+-------------------------------------------
     0 | D:1      | Kukuleta the Merfolk Fighter began the quest for the Orb.
     0 | D:1      | Reached XP level 1. HP: 18/18 MP: 1/1
    99 | D:1      | Reached skill level 4 in Polearms
    99 | D:1      | Reached XP level 2. HP: 24/24 MP: 2/2
   381 | D:1      | Reached skill level 5 in Polearms
   381 | D:1      | Reached XP level 3. HP: 25/29 MP: 3/3
   829 | D:2      | Reached skill level 6 in Polearms
  1106 | D:2      | Noticed Natasha
  1113 | D:2      | Killed Natasha
  1113 | D:2      | Reached XP level 4. HP: 29/35 MP: 4/4
  1343 | D:2      | Noticed Natasha
  1356 | D:2      | Killed Natasha
  1356 | D:2      | Reached skill level 7 in Polearms
  1417 | D:3      | HP: 1/35 [poisoned by a kobold]
  1419 | D:3      | Succumbed to a kobold's poison

Skill      XL: |  1  2  3  4 |
---------------+-------------+-----
Polearms       | 4 5 6 7 |  7.1
Fighting       | |  3.2
Armour         | |  2.1
Shields        | |  3.0

Action                   |  1- 3 |  4- 6 || total
-------------------------+-------+-------++-------
Melee: Trident           |   127 |    21 ||   148
  Use: Potion            |       |     1 ||     1
  Eat: Chunk             |       |     2 ||     2
Armor: Scale mail        |    42 |     3 ||    45
Dodge: Dodged            |    23 |     9 ||    32
Block: Shield            |    49 |    12 ||    61
